 Dungeon Sprint DCSS version 0.17-a0-1923-gc35365e (webtiles) character file.

1189 ololoev the Basher (level 8, -4/106 HPs)
             Began as a Demonspawn Berserker on Sept 28, 2015.
             Was a Priest of Trog.
             Slain by a deep troll (7 damage)
             ... in the Dungeon (Sprint I: "Red Sonja").
             The game lasted 00:02:14 (960 turns).

ololoev the Basher (Demonspawn Berserker)            Turns: 960, Time: 00:02:14

Health: -4/106     AC:  6    Str: 26    XL:     8   Next: 19%
Magic:  8/8        EV: 12    Int:  8    God:    Trog [***...]
Gold:   126        SH:  0    Dex: 12    Spells: 0 memorised, 7 levels left

rFire  . . .     SeeInvis .     a - +0 mace
rCold  . . .     Clarity  .     b - +0 animal skin
rNeg   . . .     SustAt   .     (no shield)
rPois  +         Gourm    .     (helmet restricted)
rElec  .         Spirit   .     (no cloak)
rCorr  .         Warding  .     (no gloves)
rMut   .         NoTele   +     (no boots)
MR     .....                    (no amulet)
Stlth  ..........               (no ring)
                                (no ring)

@: berserking, very quick, not resistant to hostile enchantments, extremely
unstealthy
A: antennae 1, slimy green scales 3, spiny 1
a: Burn Spellbooks, Berserk, Trog's Hand, Renounce Religion


Innate Abilities, Weirdness & Mutations

You have a pair of small antennae on your head.
You are completely covered in slimy green scales (AC +4, rPois).
You are partially covered in sharp spines.

Inventory:

Hand weapons
 a - a +0 mace (weapon)
Armour
 b - a +0 animal skin (worn)
Scrolls
 i - a scroll of blinking
 k - 2 scrolls of identify {unknown}
 l - a scroll of magic mapping {unknown}
 m - a scroll of remove curse {unknown}
 n - a scroll of immolation {unknown}
Potions
 d - 2 potions of curing
 e - 2 potions of heal wounds
 f - a potion of haste
 g - 2 potions of magic
 h - a potion of berserk rage


   Skills:
 + Level 9.6 Fighting
 * Level 11.9 Maces & Flails
 + Level 8.5 Armour
 - Level 1.7 Dodging


You had 7 spell levels left.
You didn't know any spells.
You were in the Dungeon. You worshipped Trog. Trog was most pleased with you. You were not hungry. You visited 1 branch You collected 425 gold pieces. You spent 299 gold pieces at shops. #..#####'#####'#__# #..####..#...#.#### #..#__####..##.# #..#_..__##'#..+ #⌠⌠#_.∩...'..._# ####_..._##_.#+# #_____###)# #########(####+### +.(.@T$.$$+ #...####### ##.## #+#

Notes
Turn   | Place    | Note
--------------------------------------------------------------
     0 | D        | ololoev the Demonspawn Berserker began the quest for the Orb.
     0 | D        | Reached XP level 1. HP: 18/18 MP: 1/1
     1 | D        | Noticed Ijyb
     7 | D        | Killed Ijyb
     7 | D        | Reached skill level 4 in Fighting
     7 | D        | Gained mutation: You are partially covered in slimy green scales (AC +2). [demonic ancestry]
     7 | D        | Reached XP level 2. HP: 25/25 MP: 2/2
    65 | D        | Noticed an ogre
    71 | D        | Killed an ogre
    71 | D        | Acquired Trog's second power
    71 | D        | Reached skill level 5 in Fighting
    71 | D        | Reached skill level 6 in Maces & Flails
    71 | D        | Gained mutation: You are partially covered in sharp spines. [demonic ancestry]
    71 | D        | Reached XP level 3. HP: 28/33 MP: 3/3
    71 | D        | Gained mutation: You are mostly covered in slimy green scales (AC +3). [demonic ancestry]
    71 | D        | Reached XP level 4. HP: 33/39 MP: 4/4
   190 | D        | Noticed Sigmund
   197 | D        | Killed Sigmund
   197 | D        | Reached skill level 7 in Fighting
   197 | D        | Reached skill level 8 in Maces & Flails
   197 | D        | Reached skill level 5 in Armour
   197 | D        | Reached XP level 5. HP: 41/48 MP: 5/5
   197 | D        | Reached XP level 6. HP: 46/55 MP: 6/6
   243 | D        | Found a snail-covered altar of Cheibriados.
   243 | D        | Found a viscous altar of Jiyva.
   243 | D        | Found a shadowy altar of Dithmenos.
   243 | D        | Found a blossoming altar of Fedhas.
   243 | D        | Noticed a slime creature
   251 | D        | Killed a slime creature
   251 | D        | Reached skill level 9 in Maces & Flails
   423 | D        | Found a deep blue altar of Sif Muna.
   424 | D        | Noticed a jelly
   425 | D        | Found a radiant altar of Vehumet.
   427 | D        | Killed a jelly
   427 | D        | Reached skill level 10 in Maces & Flails
   435 | D        | Found Musti's Assorted Antiques.
   435 | D        | Found a white marble altar of Elyvilon.
   435 | D        | Found a burning altar of Makhleb.
   435 | D        | Found a sacrificial altar of Ru.
   435 | D        | Found a glowing golden altar of the Shining One.
   435 | D        | Found an opulent altar of Gozag.
   435 | D        | Found a glowing silver altar of Zin.
   435 | D        | Noticed a yak
   445 | D        | Killed a yak
   445 | D        | Gained mutation: You are completely covered in slimy green scales (AC +4, rPois). [demonic ancestry]
   445 | D        | Reached XP level 7. HP: 35/63 MP: 7/7
   446 | D        | Found a stormy altar of Qazlal.
   446 | D        | Found a basalt altar of Yredelemnul.
   446 | D        | Found an iron altar of Okawaru.
   446 | D        | Found a sparkling altar of Nemelex Xobeh.
   446 | D        | Found a shimmering altar of Xom.
   446 | D        | Found an ancient bone altar of Kikubaaqudgha.
   449 | D        | Found a bloodstained altar of Trog.
   459 | D        | Bought a scroll labeled IPEMEV MAKIFUYS for 23 gold pieces
   459 | D        | Bought a scroll labeled URURRODWUMP for 23 gold pieces
   459 | D        | Bought a scroll labeled IPEMEV MAKIFUYS for 23 gold pieces
   459 | D        | Bought a scroll labeled DIGAIJ DOID for 23 gold pieces
   459 | D        | Bought a scroll labeled HENEZYSTYG for 23 gold pieces
   650 | D        | Bought a potion of curing for 69 gold pieces
   650 | D        | Bought a potion of heal wounds for 115 gold pieces
   655 | D        | Noticed Sonja
   670 | D        | Killed Sonja
   670 | D        | Reached skill level 11 in Maces & Flails
   670 | D        | Gained mutation: You have a pair of small antennae on your head. [demonic ancestry]
   670 | D        | Reached XP level 8. HP: 19/71 MP: 8/8
   949 | D        | Noticed a deep troll
   959 | D        | HP: 3/106 [deep troll (11)]
   960 | D        | Slain by a deep troll

Dungeon Overview and Level Annotations

Branches:
Dungeon (1/1)

Altars:
Cheibriados
Dithmenos
Elyvilon
Fedhas
Gozag
Kikubaaqudgha
Makhleb
Nemelex Xobeh
Okawaru
Qazlal
Ru
Sif Muna
Trog
Vehumet
Xom
Yredelemnul
Zin
The Shining One
Jiyva

Shops:
D *


Message History

You start resting.
You feel less exhausted.
You start resting.
HP restored.
You open the door.
A deep troll comes into view.
Found 108 gold pieces.
There is an open door here.
Use which ability?
A red film seems to cover your vision as you go berserk!
You feel yourself moving faster!
You feel mighty!
You feel quite a bit more hungry. The deep troll barely misses you.
The deep troll claws you. The deep troll closely misses you.
You closely miss the deep troll. You sock the deep troll!
The deep troll is moderately wounded.
The deep troll bites you! The deep troll closely misses you.
The deep troll claws you.
You closely miss the deep troll.
The deep troll is moderately wounded.
You barely miss the deep troll.
The deep troll is moderately wounded.
The deep troll bites you!! The deep troll claws you. The deep troll claws you!
You barely miss the deep troll.
The deep troll is moderately wounded.
You sock the deep troll!
The deep troll is heavily wounded.
The deep troll bites you!! The deep troll claws you!
The deep troll barely misses you.
You bludgeon the deep troll!!
The deep troll is almost dead.
You closely miss the deep troll.
The deep troll is almost dead.
The deep troll is struck by your spines.
The deep troll bites you. The deep troll claws you. The deep troll claws you!
You barely miss the deep troll.
The deep troll is almost dead.
The deep troll bites you but does no damage.
The deep troll claws you!
You die...

You could see a deep troll.

Vanquished Creatures
  Sonja (D)
  A slime creature (D)
  Sigmund (D)
  A yak (D)
  An ogre (D)
  A jelly (D)
  Ijyb (D)
7 creatures vanquished.

Action                   |  1- 3 |  4- 6 |  7- 9 || total
-------------------------+-------+-------+-------++-------
Melee: Mace              |     8 |    22 |    14 ||    44
Invok: Berserk           |     2 |     3 |     2 ||     7
  Eat: Chunk             |       |     2 |     2 ||     4
       Bread ration      |       |       |     1 ||     1

Vault maps used:
D:        dungeon_sprint_1
